 Dungeon Crawl Stone Soup version 0.30-a0-743-gbfdf073431 (webtiles) character file.

Game seed: 4114784106312778006

149 Dittersdorf the Shield-Bearer (level 5, -5/33 HPs)
             Began as a Gargoyle Fighter on Feb 7, 2023.
             Was an Initiate of Okawaru.
             Splashed by a jelly's acid (9 damage)
             ... on level 4 of the Dungeon.
             The game lasted 00:04:02 (2911 turns).

Dittersdorf the Shield-Bearer (Gargoyle Fighter)    Turns: 2911, Time: 00:04:03

Health: -5/33      AC: 11    Str: 22    XL:     5   Next: 31%
Magic:  0/5        EV:  7    Int:  8    God:    Okawaru [......]
Gold:   159        SH:  4    Dex:  9    Spells: 4/4 levels left

rFire   . . .      SeeInvis .    a - +1 flail
rCold   . . .      Faith    .    c - +0 buckler
rNeg    + . .      Spirit   +    l - +0 chain mail
rPois   ∞          Reflect  .    (no helmet)
rElec   +          Harm     .    (no cloak)
rCorr   .          Rampage  .    (no gloves)
Will    .....                    f - +1 pair of boots Stlth
                                 k - amulet of guardian spirit
HPRegen 0.25/turn                (no ring)
MPRegen 0.09/turn                (no ring)

@: corroded
A: sickness immunity, AC +4, negative energy resistance 1, electricity
resistance, torment resistance 1, petrification resistance
a: Renounce Religion


You were on level 4 of the Dungeon.
You worshipped Okawaru.
Okawaru was noncommittal.
You visited 1 branch of the dungeon, and saw 4 of its levels.

You collected 159 gold pieces.

Inventory:

Hand Weapons
 a - a +1 flail (weapon)
Armour
 c - a +0 buckler (worn)
 f - a +1 pair of boots (worn)
 l - a +0 chain mail (worn)
Jewellery
 k - an amulet of guardian spirit (around neck)
 t - a ring of fire
Scrolls
 h - 2 scrolls of enchant weapon
 m - 2 scrolls of magic mapping
Potions
 b - a potion of haste {unknown}
 d - a potion of might
 n - a potion of mutation {unknown}
 q - a potion of resistance {unknown}
 r - a potion of berserk rage
 s - a potion of flight


   Skills:
 + Level 4.2 Fighting
 + Level 3.1 Maces & Flails
 + Level 4.2 Armour
 + Level 4.2 Shields


You had 4 spell levels left.
You didn't know any spells.
Your spell library contained the following spells:

 Spells                   Type           Power      Damage    Failure   Level
 Beastly Appendage        Tmut           0%         N/A       99%         1
 Lesser Beckoning         Tloc           0%         N/A       100%        2
 Poisonous Vapours        Pois/Air       0%         N/A       100%        2
 Wereblood                Tmut           0%         N/A       100%        2
 Gell's Gravitas          Tloc           0%         N/A       100%        3
 Mephitic Cloud           Conj/Pois/Air  0%         N/A       100%        3
 Spider Form              Tmut/Pois      0%         N/A       100%        3
 Teleport Other           Tloc           0%         N/A       100%        3
 Cigotuvi's Dreadful Rot  Necr/Pois/Air  Unusable   N/A       N/A         2

Dungeon Overview and Level Annotations

Branches:
Dungeon (4/15)
 Temple: D:4-7

Altars:
Cheibriados
Elyvilon
Makhleb
Okawaru


Innate Abilities, Weirdness & Mutations

You are immune to sickness and miasma.
Your stone body is resilient. (AC +4)
You are immune to poison.
You resist negative energy. (rN+)
You are resistant to electric shocks. (rElec)
You are resistant to unholy torment.
You are immune to petrification.


Message History

The jelly barely misses you.
The water moccasin bites you but does no damage.
You miss the water moccasin.
The water moccasin is lightly wounded.
The water moccasin bites you. The jelly hits you but does no damage.
The water moccasin barely misses you.
You hit the water moccasin but do no damage.
The water moccasin is lightly wounded.
You block the jelly's attack.
The water moccasin bites you but does no damage.
The jelly completely misses you.
You miss the water moccasin.
The water moccasin is lightly wounded.
The water moccasin bites you. You block the water moccasin's attack.
The jelly barely misses you.
You miss the water moccasin.
The water moccasin is lightly wounded.
The water moccasin closely misses you. The jelly hits you but does no damage.
The water moccasin bites you but does no damage.
You barely miss the water moccasin.
The water moccasin is lightly wounded.
The water moccasin bites you! The jelly hits you.
You are splashed with acid!
* * * LOW HITPOINT WARNING * * *
The water moccasin bites you but does no damage.
The jelly hits you but does no damage.
You are too injured to fight recklessly!
You are too injured to fight recklessly!
You are too injured to fight recklessly!
You are too injured to fight recklessly!
You are too injured to fight recklessly!
You are too injured to fight recklessly!
You are too injured to fight recklessly!
You are too injured to fight recklessly!
You are too injured to fight recklessly!
The water moccasin attacks as you move away!
The water moccasin bites you but does no damage.
The jelly hits you.
* * * LOW HITPOINT WARNING * * *
You are splashed with acid!
You die...

*,***,******,** *,* #*,*
*,* *** *,* .,,* *,* *,*
##**##+## *,* .####...##
*,* #.##.....## ###*,**
.##.......## ##.##,,*
##.........####...##.####
.'.†.......'....@S......#
##.......=.###...J....#.#
##.......## #.#.#.#..#,*
##.....## #.###....#,*
##>..## #.# *.##.#,*
##+## #.#**..,,..* *,*
#..,,..,,*#* **** *,*
###**.##** ,,,***,** *,*


You could see a water moccasin and a jelly.

Vanquished Creatures
  7 adders
  A shadow imp (D:4)
  2 worms
  A dart slug (D:2)
  4 ball pythons
  4 bats (D:2)
  5 endoplasms
  2 giant cockroaches
  7 goblins
  8 hobgoblins
  6 jackals
  2 quokkas (D:3)
  3 frilled lizards
  9 kobolds
  5 rats
66 creatures vanquished.

Vanquished Creatures (others)
  A plant (D:1)
1 creature vanquished.

Grand Total: 67 creatures vanquished

Notes
Turn   | Place    | Note
-------+----------+-------------------------------------------
     0 | D:1      | Dittersdorf the Gargoyle Fighter began the quest for the
                  | Orb.
     0 | D:1      | Reached XP level 1. HP: 14/14 MP: 1/1
   156 | D:1      | Reached XP level 2. HP: 19/19 MP: 2/2
   537 | D:1      | Reached XP level 3. HP: 23/23 MP: 3/3
   893 | D:2      | Found a snail-covered altar of Cheibriados.
   973 | D:2      | Reached XP level 4. HP: 29/29 MP: 4/4
  2288 | D:3      | Reached XP level 5. HP: 28/33 MP: 5/5
  2797 | D:4      | Found an iron altar of Okawaru.
  2797 | D:4      | Found a burning altar of Makhleb.
  2799 | D:4      | Found a white marble altar of Elyvilon.
  2804 | D:4      | Became a worshipper of Warmaster Okawaru
  2881 | D:4      | Identified the ring "Durexila" {Fire Contam rCorr Dex+3
                  | SInv}
  2890 | D:4      | Noticed a water moccasin
  2911 | D:4      | Splashed by a jelly's acid

Illustrated notes

Levels and vault maps discovered:
D:1:      minmay_arrival_shoal_huts, layout_basic, serial_bayou_lagoon_b
D:2:      layout_basic, basic_altar, chequers_serial_rivers_room_a
D:3:      layout_basic
D:4:      layout_loops_corners, lemuel_doored_altar,
          chequers_temple_overflow_statue_of_worship, minmay_quantized

Skill      XL: |  1  2  3  4 |
---------------+-------------+-----
Fighting       | 4 |  4.2
Armour         | 4 |  4.2
Shields        | 4 |  4.2
Maces & Flails | 3 |  3.1

Action                     |  1- 3 |  4- 6 || total
---------------------------+-------+-------++-------
  Melee: Flail             |   119 |   149 ||   268
    Use: Scroll            |       |     9 ||     9
 Armour: Scale mail        |    56 |       ||    56
         Chain mail        |    40 |   133 ||   173
  Dodge: Dodged            |    59 |    75 ||   134
  Block: Buckler           |    26 |    41 ||    67

Table legend: (Time is in decaauts)
 A = Elapsed time spent in this place.
 B = Non-inter-level travel time spent in this place.
 C = Inter-level travel time spent in this place.
 D = Time resting spent in this place.
 E = Time spent auto-exploring this place.
 F = Levels seen in this place.
 G = Mean time per level.
                   A        B        C        D        E       F      G
               +--------+--------+--------+--------+--------+-----+--------+
         Total |   3023 |   2899 |    124 |    201 |   2057 |   4 |  755.8 |
       Dungeon |   3023 |   2899 |    124 |    201 |   2057 |   4 |  755.8 |
               +--------+--------+--------+--------+--------+-----+--------+

Top non-repeatable levels by time:
     D:2: 1169 daAuts
     D:3: 896 daAuts
     D:1: 688 daAuts
     D:4: 268 daAuts
